 Dungeon Crawl Stone Soup version 0.29-a0-653-gd47aff6735 (webtiles) character file.

Game seed: 14338783838318316421

8 YayAnonymity the Cudgeller (level 2, -1/29 HPs)
             Began as an Ogre Gladiator on June 22, 2022.
             Slain by an adder (3 damage)
             ... on level 2 of the Dungeon.
             The game lasted 00:01:05 (849 turns).

YayAnonymity the Cudgeller (Ogre Gladiator)          Turns: 849, Time: 00:01:05

Health: -1/29      AC:  4    Str: 17    XL:     2   Next: 8%
Magic:  2/2        EV: 10    Int:  9    God:
Gold:   31         SH:  0    Dex: 10    Spells: 1/1 levels left

rFire   . . .      SeeInvis .   a - +0 flail
rCold   . . .      Faith    .   (no shield)
rNeg    . . .      Spirit   .   b - +0 robe
rPois   .          Reflect  .   h - +1 hat
rElec   .          Harm     .   (no cloak)
rCorr   .          Rampage  .   (gloves unavailable)
Will    .....                   (boots unavailable)
Stlth   +.........              (no amulet)
HPRegen 0.09/turn               (no ring)
MPRegen 0.08/turn               (no ring)

@: no status effects
A: large, unfitting armour, tough skin 1
a: no special abilities


You were on level 2 of the Dungeon.
You visited 1 branch of the dungeon, and saw 2 of its levels.

You collected 31 gold pieces.

Inventory:

Hand Weapons
 a - a +0 flail (weapon)
Missiles
 d - 3 throwing nets (quivered)
 e - a large rock
 g - 5 poisoned darts
Armour
 b - a +0 robe (worn)
 h - a +1 hat (worn)
Jewellery
 c - an amulet of magic regeneration
Scrolls
 f - 2 scrolls of enchant armour {unknown}
 j - a scroll of vulnerability {unknown}
 k - a scroll of torment {unknown}
Potions
 i - a potion of magic {unknown}


   Skills:
 + Level 2.9 Fighting
 * Level 2.9 Maces & Flails
 + Level 2.1 Throwing
 + Level 2.8 Dodging


You had one spell level left.
You didn't know any spells.
Your spell library contained the following spells:

 Spells                   Type           Power      Damage    Failure   Level
 Freeze                   Ice            0%         1d3       38%         1
 Frozen Ramparts          Ice            0%         1d2       77%         3
 Hailstorm                Conj/Ice       0%         3d3       99%         4


Dungeon Overview and Level Annotations

Branches:
Dungeon (2/15)

Altars:


Innate Abilities, Weirdness & Mutations

You are too large for most types of armour.
You have tough skin. (AC +1)


Message History

The adder is almost dead.
You feel sick. The adder bites you.
You barely miss the adder.
The adder is almost dead.
You feel sick. The adder bites you but does no damage. The adder bites you.
* * * LOW HITPOINT WARNING * * *
You barely miss the adder.
The adder is almost dead.
You feel sick.
You are no longer poisoned.
The adder barely misses you. The adder bites you but does no damage.
You barely miss the adder.
The adder is almost dead.
The adder bites you.
* * * LOW HITPOINT WARNING * * *
You closely miss the adder.
The adder is almost dead.
The adder bites you but does no damage. x2
You barely miss the adder.
The adder is almost dead.
The adder bites you.
* * * LOW HITPOINT WARNING * * *
The adder closely misses you.
You hit the adder.
The adder is almost dead.
The adder barely misses you.
You closely miss the adder.
The adder is almost dead.
The adder bites you but does no damage. The adder bites you.
* * * LOW HITPOINT WARNING * * *
You barely miss the adder.
The adder is almost dead.
The adder barely misses you.
You barely miss the adder.
The adder is almost dead.
The adder misses you. The adder barely misses you.
You miss the adder.
The adder is almost dead.
The adder barely misses you. The adder bites you.
You die...

##+## ##...##
##..^..##
##...)...## #
#.....†...###....
+........@S......
#.........##....#
##.......## #..
##...<.## ##...##
##+##


You could see an adder.

Vanquished Creatures
  An endoplasm (D:1)
  A goblin (D:1)
  A hobgoblin (D:1)
  A kobold (D:1)
  A quokka (D:2)
  A ball python (D:1)
  A frilled lizard (D:1)
7 creatures vanquished.

Notes
Turn   | Place    | Note
-------+----------+-------------------------------------------
     0 | D:1      | YayAnonymity the Ogre Gladiator began the quest for the
                  | Orb.
     0 | D:1      | Reached XP level 1. HP: 22/22 MP: 1/1
   420 | D:1      | Reached XP level 2. HP: 20/29 MP: 2/2
   744 | D:1      | Found a faded altar of an unknown god.
   846 | D:2      | HP: 1/29 [adder (4)]
   849 | D:2      | Slain by an adder

Illustrated notes

Levels and vault maps discovered:
D:1:      co_arrival_hexagon_in_a_hexagon, layout_loops_ring,
          dreamdust_ecumenical_altar_hidden_monk_grotto
D:2:      layout_loops_corners, minmay_circle_x

Action                   || total
-------------------------++-------
Melee: Flail             ||    42
 Stab: Sleeping          ||     2
Armor: Robe              ||    23
Dodge: Dodged            ||    20

Table legend: (Time is in decaauts)
 A = Elapsed time spent in this place.
 B = Non-inter-level travel time spent in this place.
 C = Inter-level travel time spent in this place.
 D = Time resting spent in this place.
 E = Time spent auto-exploring this place.
 F = Levels seen in this place.
 G = Mean time per level.
                   A        B        C        D        E       F      G
               +--------+--------+--------+--------+--------+-----+--------+
         Total |    860 |    824 |     36 |      0 |    697 |   2 |  430.0 |
       Dungeon |    860 |    824 |     36 |      0 |    697 |   2 |  430.0 |
               +--------+--------+--------+--------+--------+-----+--------+

Top non-repeatable levels by time:
     D:1: 792 daAuts
     D:2: 67 daAuts
